 Dungeon Crawl Stone Soup version 0.21-a0-344-g2144152 (webtiles) character file.

1153 Amnesiac the Digger (level 8, 0/87 HPs)
             Began as a Gnoll Earth Elementalist on Oct 4, 2017.
             Slain by a wyvern skeleton (12 damage)
             ... on level 6 of the Dungeon.
             The game lasted 00:09:55 (3060 turns).

Amnesiac the Digger (Gnoll Earth Elementalist)      Turns: 3060, Time: 00:09:56

Health: 0/87       AC:  2    Str: 17    XL:     8   Next: 38%
Magic:  0/17       EV: 15    Int: 20    God:
Gold:   145        SH:  6    Dex: 16    Spells: 8/19 levels left

rFire    . . .     SeeInvis .   q - +2 dagger (freeze)
rCold    . . .     Gourm    .   x - +1 buckler
rNeg     . . .     Faith    .   c - +0 robe
rPois    .         Spirit   +   (no helmet)
rElec    .         Reflect  .   y - scarf {Spirit}
rCorr    .         Harm     .   (no gloves)
MR       .....                  (no boots)
Stlth    ..........             (no amulet)
HPRegen  0.24/turn              (no ring)
MPRegen  0.15/turn              (no ring)

@: berserking, very quick
A: distributed training, fangs 1, strong 1, strong nose
a: no special abilities


You were on level 6 of the Dungeon.
You were very hungry.

You visited 1 branch of the dungeon, and saw 6 of its levels.

You collected 145 gold pieces.

Inventory:

Hand Weapons
 q - a +2 dagger of freezing (weapon)
 t - a +1 trident of protection
Missiles
 a - 3 throwing nets
 b - 185 stones (quivered)
 l - 8 poisoned needles
Armour
 c - a +0 robe (worn)
 x - a +1 buckler (worn)
 y - a scarf of spirit shield (worn)
Jewellery
 B - an uncursed amulet of rage {unknown}
Scrolls
 h - a scroll of amnesia {!r}
 m - a scroll of enchant armour {!r}
 r - a scroll of blinking {!r, unknown}
 u - 2 scrolls of remove curse {!r}
 A - a scroll of fog {!r, unknown}
Potions
 f - a potion of degeneration {!q, unknown}
 i - a potion of cancellation {!q, unknown}
 j - a potion of invisibility {!q, unknown}
 n - a potion of lignification {!q, unknown}
 o - a potion of mutation {!q}
Books
 e - a book of Geomancy

   Spells                             Type                      Level
   a - Sandblast                      Earth                        1
   b - Passwall                       Transmutation/Earth          2
   c - Stone Arrow                    Conjuration/Earth            3
   d - Petrify                        Transmutation/Earth          4
   e - Lee's Rapid Deconstruction     Earth                        5
Comestibles
 d - 3 bread rations
 g - a fruit
 k - a royal jelly
 v - 3 chunks of flesh
 w - a meat ration


   Skills:
 + Level 3.1 Fighting
 + Level 3.1 Short Blades
 + Level 3.1 Long Blades
 + Level 3.1 Axes
 + Level 3.1 Maces & Flails
 + Level 3.1 Polearms
 + Level 3.1 Staves
 + Level 3.1 Slings
 + Level 3.1 Bows
 + Level 3.1 Crossbows
 + Level 3.1 Throwing
 + Level 3.1 Armour
 + Level 5.6 Dodging
 + Level 5.3 Stealth
 + Level 3.1 Shields
 + Level 3.1 Unarmed Combat
 + Level 6.0 Spellcasting
 + Level 3.1 Conjurations
 + Level 3.1 Hexes
 + Level 3.1 Charms
 + Level 3.1 Summonings
 + Level 3.1 Necromancy
 + Level 3.1 Translocations
 + Level 4.1 Transmutations
 + Level 3.1 Fire Magic
 + Level 3.1 Ice Magic
 + Level 3.1 Air Magic
 + Level 7.3 Earth Magic
 + Level 3.1 Poison Magic
 + Level 3.1 Invocations
 + Level 3.1 Evocations


You had 8 spell levels left.
You knew the following spells:

 Your Spells              Type           Power        Failure   Level  Hunger
b - Passwall              Tmut/Erth      ####......   1%          2    None
d - Lee's Rapid Deconstr  Erth           #####.....   16%         5    #####..
e - Petrify               Tmut/Erth      ####....     11%         4    ####...


Dungeon Overview and Level Annotations

Branches:
Dungeon (6/15)
 Temple: D:4-7

Altars:
Sif Muna
Yredelemnul

Annotations:
D:4 2 transporters
D:6 Dowan, Duvessa, Edmund


Innate Abilities, Weirdness & Mutations

Your experience applies equally to all skills.
You have very sharp teeth.
Your uncanny sense of smell can sniff out nearby items.
Your muscles are strong. (Str +2)


Message History

You feel agile.
You feel clumsy.
You feel stronger.
Edmund zaps a wand.
Some rock shatters into small pieces.
The wyvern skeleton misses you.
Dowan moves out of view.
Casting: Lee's Rapid Deconstruction
Confirm with . or Enter, or press ? or * to list all spells.
You don't have enough magic to cast that spell.
The wyvern skeleton barely misses you.
The crimson imp blinks!
Casting: Lee's Rapid Deconstruction
Confirm with . or Enter, or press ? or * to list all spells.
Aiming: Petrify
Press: ? - help, Shift-Dir - straight line, f - wyvern skeleton
Aim: a wyvern skeleton (moderately damaged, chance to defeat MR: 70%)
The wyvern skeleton struggles to resist.
The wyvern skeleton closely misses you.
Edmund zaps a wand.
You hear a grinding noise.
The crimson imp blinks!
Unknown command.
The crimson imp blinks!
You block the wyvern skeleton's attack. The wyvern skeleton bites you!
* * * LOW HITPOINT WARNING * * *
Really read
h - 2 scrolls labeled OCU JUNI YMY {!r}?
As you read the scroll labeled OCU JUNI YMY {!r}, it crumbles to dust.
It is a scroll of amnesia.
Forget which spell ([?*] list [ESC] exit)?
Your memory of Sandblast unravels.
The wyvern skeleton bites you.
* * * LOW HITPOINT WARNING * * *
Really quaff
s - 2 potions of curing {!q}?
You feel better. You block the wyvern skeleton's attack.
Really read
m - 2 scrolls labeled JEABRA VOIXOI {!r}?
Okay, then.
Really read
u - 3 scrolls labeled IRAYNI TUTUT {!r}?
As you read the scroll labeled IRAYNI TUTUT {!r}, it crumbles to dust.
You feel blessed for a moment.
It was a scroll of remove curse {!r}.
The wyvern skeleton bites you!
* * * LOW HITPOINT WARNING * * *
Edmund zaps a wand.
Some rock shatters into small pieces.
The wyvern skeleton completely misses you.
Okay, then.
Okay, then.
Really read
m - 2 scrolls labeled JEABRA VOIXOI {!r}?
As you read the scroll labeled JEABRA VOIXOI {!r}, it crumbles to dust.
It is a scroll of enchant armour.
Your +0 buckler glows green for a moment.
The wyvern skeleton misses you. The slave barely misses you.
Dowan shouts!
The wyvern skeleton bites you!
* * * LOW HITPOINT WARNING * * *
Really quaff
s - a potion of curing {!q}?
You feel better. The wyvern skeleton barely misses you.
Edmund zaps a wand.
You hear a grinding noise.
Really read
z - a scroll labeled ITITAD IHIANA {!r}?
As you read the scroll labeled ITITAD IHIANA {!r}, it crumbles to dust.
It is a scroll of identify.
p - a potion of berserk rage {!q} The wyvern skeleton barely misses you.
The slave barely misses you. The wyvern skeleton bites you.
* * * LOW HITPOINT WARNING * * *
You hear a zap.
You hear a grinding noise.
Really quaff
p - a potion of berserk rage {!q}?
A red film seems to cover your vision as you go berserk!
You feel yourself moving faster!
You feel mighty! You block the wyvern skeleton's attack.
The wyvern skeleton bites you!
You die...

.###....#...ep.....#
#######..###....#
♣#..###.@.#
#..#...p# ##...#.e#
#..p.#5.# #..o..p.#
#Z###.# #@# #.#
#........ ####.....
..... .... .. .


You could see a slave, an orc and a wyvern skeleton.

Vanquished Creatures
  A necrophage (D:5)
  A phantom (D:5)
  An ogre (D:4)
  A centaur (D:5)
  A big kobold (D:5)
  A gnoll sergeant (D:5)
  A scorpion (D:5)
  A water moccasin skeleton (D:4)
  A centaur zombie (D:5)
  A gnoll shaman (D:4)
  3 hounds
  2 orc wizards
  Natasha (D:3)
  6 worker ants
  A howler monkey skeleton (D:5)
  9 gnolls (D:5)
  4 adders
  A shadow imp (D:5)
  A worm (D:2)
  A dart slug (D:5)
  6 leopard geckos
  4 orcs
  2 giant cockroaches
  2 gnoll zombies (D:5)
  5 goblins
  4 hobgoblins
  4 jackals (D:5)
  2 quokkas
  2 bats
  14 kobolds
  A quokka skeleton (D:5)
  4 rats
89 creatures vanquished.

Vanquished Creatures (others)
  A plant (D:2)
1 creature vanquished.

Grand Total: 90 creatures vanquished

Notes
Turn   | Place    | Note
-------+----------+-------------------------------------------
     0 | D:1      | Amnesiac the Gnoll Earth Elementalist began the quest for the Orb.
     0 | D:1      | Reached XP level 1. HP: 13/13 MP: 6/6
   229 | D:1      | Reached XP level 2. HP: 13/19 MP: 3/7
   233 | D:1      | Learned a level 2 spell: Passwall
   656 | D:2      | Reached XP level 3. HP: 22/25 MP: 6/9
   657 | D:2      | Reached skill level 5 in Spellcasting
   932 | D:3      | Noticed Natasha
   973 | D:3      | Killed Natasha
   973 | D:3      | Reached skill level 1 in Fighting
   973 | D:3      | Reached skill level 1 in Short Blades
   973 | D:3      | Reached skill level 1 in Long Blades
   973 | D:3      | Reached skill level 1 in Axes
   973 | D:3      | Reached skill level 1 in Maces & Flails
   973 | D:3      | Reached skill level 1 in Polearms
   973 | D:3      | Reached skill level 1 in Staves
   973 | D:3      | Reached skill level 1 in Slings
   973 | D:3      | Reached skill level 1 in Bows
   973 | D:3      | Reached skill level 1 in Crossbows
   973 | D:3      | Reached skill level 1 in Throwing
   973 | D:3      | Reached skill level 1 in Armour
   973 | D:3      | Reached skill level 1 in Shields
   973 | D:3      | Reached skill level 1 in Unarmed Combat
   973 | D:3      | Reached skill level 1 in Conjurations
   973 | D:3      | Reached skill level 1 in Hexes
   973 | D:3      | Reached skill level 1 in Charms
   973 | D:3      | Reached skill level 1 in Summonings
   973 | D:3      | Reached skill level 1 in Necromancy
   973 | D:3      | Reached skill level 1 in Translocations
   973 | D:3      | Reached skill level 1 in Fire Magic
   973 | D:3      | Reached skill level 1 in Ice Magic
   973 | D:3      | Reached skill level 1 in Air Magic
   973 | D:3      | Reached skill level 1 in Poison Magic
   973 | D:3      | Reached skill level 1 in Invocations
   973 | D:3      | Reached skill level 1 in Evocations
   973 | D:3      | Reached XP level 4. HP: 24/32 MP: 8/11
  1059 | D:4      | Learned a level 4 spell: Petrify
  1131 | D:4      | Reached XP level 5. HP: 37/37 MP: 4/12
  1141 | D:4      | Learned a level 5 spell: Lee's Rapid Deconstruction
  1173 | D:4      | Found a transporter.
  1176 | D:4      | Noticed an ice beast
  1176 | D:4      | Noticed an ice beast
  1432 | D:4      | Reached XP level 6. HP: 37/44 MP: 7/13
  1704 | D:4      | Reached skill level 5 in Dodging
  1720 | D:4      | Found a transporter.
  1826 | D:5      | Entered Level 5 of the Dungeon
  1831 | D:5      | Noticed a phantom
  1894 | D:5      | Noticed a necrophage
  1905 | D:5      | Killed a necrophage
  1905 | D:5      | Reached XP level 7. HP: 39/50 MP: 7/15
  2022 | D:5      | Found a basalt altar of Yredelemnul.
  2117 | D:5      | Reached skill level 7 in Earth Magic
  2314 | D:5      | Reached skill level 5 in Stealth
  2382 | D:5      | Reached XP level 8. HP: 27/57 MP: 3/16
  2768 | D:5      | Found a deep blue altar of Sif Muna.
  3022 | D:6      | Noticed Edmund
  3034 | D:6      | Noticed Duvessa
  3038 | D:6      | Noticed Dowan
  3038 | D:6      | Gained mutation: You are agile. (Dex +2) [potion of mutation]
  3038 | D:6      | Lost mutation: You are agile. (Dex +2) [potion of mutation]
  3038 | D:6      | Gained mutation: Your muscles are strong. (Str +2) [potion of mutation]
  3060 | D:6      | Slain by a wyvern skeleton

Vault maps used:
D:1:      minmay_arrival_widening_spiral_wide
D:2:      first_bread, lexackson_kobold_supper
D:3:      uniq_natasha
D:4:      gammafunk_cloud_chamber
D:5:      cheibrodos_thug_alley, tgw_sif, lemuel_zombie_altar_yredelemnul
D:6:      minmay_temple_entry_enclosed_plants, uniq_prince_ribbit1, uniq_pikel,
          uniq_edmund, uniq_duvessa, uniq_sigmund

Skill      XL: |  1  2  3  4  5  6  7  8 |
---------------+-------------------------+-----
Spellcasting   | 5 6 |  6.0
Fighting       | 1 2 3 |  3.1
Short Blades   | 1 2 3 |  3.1
Long Blades    | 1 2 3 |  3.1
Axes           | 1 2 3 |  3.1
Maces & Flails | 1 2 3 |  3.1
Polearms       | 1 2 3 |  3.1
Staves         | 1 2 3 |  3.1
Slings         | 1 2 3 |  3.1
Bows           | 1 2 3 |  3.1
Crossbows      | 1 2 3 |  3.1
Throwing       | 1 2 3 |  3.1
Armour         | 1 2 3 |  3.1
Shields        | 1 2 3 |  3.1
Unarmed Combat | 1 2 3 |  3.1
Conjurations   | 1 2 3 |  3.1
Hexes          | 1 2 3 |  3.1
Charms         | 1 2 3 |  3.1
Summonings     | 1 2 3 |  3.1
Necromancy     | 1 2 3 |  3.1
Translocations | 1 2 3 |  3.1
Fire Magic     | 1 2 3 |  3.1
Ice Magic      | 1 2 3 |  3.1
Air Magic      | 1 2 3 |  3.1
Poison Magic   | 1 2 3 |  3.1
Invocations    | 1 2 3 |  3.1
Evocations     | 1 2 3 |  3.1
Transmutations | 3 4 |  4.1
Dodging        | 5 |  5.6
Earth Magic    | 7 |  7.3
Stealth        | 5 |  5.3

Action                   |  1- 3 |  4- 6 |  7- 9 || total
-------------------------+-------+-------+-------++-------
Melee: Dagger            |    84 |    18 |    90 ||   192
       Unarmed           |     8 |       |       ||     8
       Bite              |     6 |     2 |    10 ||    18
 Cast: Sandblast         |    17 |    18 |    32 ||    67
       Passwall          |     5 |     6 |     4 ||    15
       Petrify           |       |     7 |    12 ||    19
       Lee's Rapid Decon |       |       |     2 ||     2
  Use: Potion            |       |       |     5 ||     5
       Scroll            |       |       |     4 ||     4
 Stab: Sleeping          |     4 |     3 |     6 ||    13
       Petrified         |       |     9 |    12 ||    21
       Petrifying        |       |     1 |       ||     1
  Eat: Chunk             |       |     4 |     5 ||     9
Armor: Robe              |     9 |     1 |     2 ||    12
Dodge: Dodged            |    49 |     9 |    65 ||   123
Block: Buckler           |       |       |    14 ||    14

Table legend:
 A = Spawn XP
 B = Non-spawn XP
 C = Spawn XP percentage of total XP
 D = Spawn monster count
 E = Non-spawn monster count
 F = Spawn count percentage of total count
 G = Total turns spent on level
                    A         B        C        D         E        F      G
               +---------+---------+-------+---------+---------+-------+---------
         Total |       0 |    1648 |   0.0 |       0 |      89 |   0.0 |  3060
               +---------+---------+-------+---------+---------+-------+---------
           D:1 |       0 |      12 |   0.0 |       0 |       8 |   0.0 |   269
           D:2 |       0 |      47 |   0.0 |       0 |      16 |   0.0 |   611
           D:3 |       0 |      46 |   0.0 |       0 |       7 |   0.0 |   137
           D:4 |       0 |     397 |   0.0 |       0 |      11 |   0.0 |   866
           D:5 |       0 |    1109 |   0.0 |       0 |      46 |   0.0 |  1133
           D:6 |       0 |      37 |   0.0 |       0 |       1 |   0.0 |    44
               +---------+---------+-------+---------+---------+-------+---------
